 Dungeon Sprint DCSS version 0.28-a0-1412-gf95308ed99 (webtiles) character file.

Game seed: 4872779058024666133

1768 brmiller01 the Brawler (level 8, 0/93 HPs)
             Began as a Troll Berserker on Jan 6, 2022.
             Was an Elder of Trog.
             Succumbed to Sonja's curare-tipped dart
             ... in the Dungeon (Sprint I: "Red Sonja").
             The game lasted 00:01:11 (213 turns).

brmiller01 the Brawler (Troll Berserker)             Turns: 213, Time: 00:01:11

Health: 0/93       AC:  4    Str: 28    XL:     8   Next: 80%
Magic:  7/7        EV: 10    Int:  3    God:    Trog [****..]
Gold:   405        SH:  0    Dex:  9    Spells: 7/7 levels left

rFire   . . .      SeeInvis .     - Unarmed
rCold   . . .      Faith    .   (no shield)
rNeg    . . .      Spirit   .   a - +0 animal skin
rPois   .          Reflect  .   (helmet restricted)
rElec   .          Harm     .   (no cloak)
rCorr   .          Rampage  .   (gloves unavailable)
Will    .....      NoTele   +   (boots unavailable)
Stlth   +.........              (no amulet)
HPRegen 1.05/turn               (no ring)
MPRegen 0.10/turn               (no ring)

@: lethally poisoned (0 -> -1), on berserk cooldown, slowed, very slow
A: large, unfitting armour, claws 3, regeneration 1, shaggy fur 1, tough skin 1
a: Renounce Religion, Berserk, Trog's Hand, Brothers in Arms


You were in the Dungeon.
You worshipped Trog.
Trog was greatly pleased with you.
You visited 1 branch You collected 405 gold pieces.

Inventory:

Armour
 a - a +0 animal skin (worn)
Wands
 h - a wand of polymorph (8)
Scrolls
 g - a scroll of blinking
Potions
 b - a potion of curing
 c - a potion of heal wounds
 d - a potion of haste
 e - 2 potions of magic
 f - a potion of berserk rage


   Skills:
 + Level 10.1 Fighting
 - Level 2.4 Dodging
 * Level 16.1 Unarmed Combat


You had 7 spell levels left.
You didn't know any spells.
Your spell library was empty.

Dungeon Overview and Level Annotations

Branches:
Dungeon (1/1)

Altars:
Cheibriados
Dithmenos
Elyvilon
Fedhas
Gozag
Hepliaklqana
Kikubaaqudgha
Makhleb
Nemelex Xobeh
Okawaru
Qazlal
Ru
Sif Muna
Trog
Uskayaw
Vehumet
Wu Jian
Xom
Yredelemnul
Zin
The Shining One
Jiyva
Lugonu

Shops:
D :


Innate Abilities, Weirdness & Mutations

You are too large for most types of armour.
You have claws for hands.
Your natural rate of healing is unusually fast.
You are covered in fur. (AC +1)
You have tough skin. (AC +1)


Message History

You completely miss Sonja.
You feel very sick.
Sonja hits you with a +2 short sword of distortion!
* * * LOW HITPOINT WARNING * * *
Space warps around you.
* * * LOW HITPOINT WARNING * * *
Sonja closely misses you.
Sonja hits you with a +2 short sword of distortion.
* * * LOW HITPOINT WARNING * * *
You closely miss Sonja.
You feel very sick.
Sonja hits you with a +2 short sword of distortion.
* * * LOW HITPOINT WARNING * * *
Sonja hits you with a +2 short sword of distortion.
* * * LOW HITPOINT WARNING * * *
Sonja hits you with a +2 short sword of distortion.
* * * LOW HITPOINT WARNING * * *
You eviscerate Sonja!!!
You feel the power of Trog in you as your rage grows.
You kill Sonja!
Trog accepts your kill.
Trog appreciates your killing of a magic user.
* * * LOW HITPOINT WARNING * * *
You feel sick.
Your Fighting skill increases to level 10!
Your Unarmed Combat skill increases to level 16!
Unknown command.
* * * LOW HITPOINT WARNING * * *
You feel very sick.
Things that are here:
a +2 short sword of distortion; 3 curare-tipped darts; the kobold corpse of Sonja You start resting.
You feel a strong urge to attack something.
* * * LOW HITPOINT WARNING * * *
You feel sick.
You start resting.
You are no longer berserk.
You are exhausted.
You feel as though you will be slow longer.
You die...

#..#####'#####'#__####§..+
#..####..#...#(#### ####
#..#__####..##:#
#..#_____##'#_.+
#⌠⌠#_.∩...'..._#
####_..__##_.#+#
#_____###'# #########.##


+$@$+ #$.$# ##.## #+# There were no monsters in sight!

Vanquished Creatures
  Sonja (D)
  2 kobold demonologists (D)
  A slime creature (D)
  Sigmund (D)
  A yak (D)
  A floating eye (D)
  An ogre (D)
  A jelly (D)
  Ijyb (D)
10 creatures vanquished.

Notes
Turn   | Place    | Note
-------+----------+-------------------------------------------
     0 | D        | brmiller01 the Troll Berserker began the quest for the Orb.
     0 | D        | Reached XP level 1. HP: 22/22 MP: 0/0
     1 | D        | Noticed Ijyb
     6 | D        | Killed Ijyb
     7 | D        | Reached skill level 5 in Unarmed Combat
     7 | D        | Reached XP level 2. HP: 28/32 MP: 1/1
    14 | D        | Noticed an ogre
    19 | D        | Killed an ogre
    20 | D        | Reached skill level 5 in Fighting
    20 | D        | Reached skill level 8 in Unarmed Combat
    20 | D        | Reached XP level 3. HP: 23/42 MP: 2/2
    20 | D        | Reached XP level 4. HP: 28/50 MP: 3/3
    45 | D        | Noticed Sigmund
    54 | D        | Killed Sigmund
    54 | D        | Reached ** piety under Trog
    55 | D        | Reached skill level 10 in Unarmed Combat
    55 | D        | Reached XP level 5. HP: 54/61 MP: 4/4
    78 | D        | Found an ornate altar of the Wu Jian Council.
    78 | D        | Found a shimmering blue altar of Sif Muna.
    79 | D        | Found a burning altar of Makhleb.
    79 | D        | Found a viscous altar of Jiyva.
    79 | D        | Found a shimmering altar of Xom.
    79 | D        | Found a corrupted altar of Lugonu.
    79 | D        | Noticed a slime creature
    86 | D        | Killed a slime creature
    87 | D        | Reached skill level 12 in Unarmed Combat
    87 | D        | Reached XP level 6. HP: 47/71 MP: 5/5
   130 | D        | Noticed a kobold demonologist
   130 | D        | Noticed a floating eye
   130 | D        | Noticed a kobold demonologist
   131 | D        | Paralysed by a floating eye for 4 turns
   137 | D        | Killed a floating eye
   137 | D        | Reached *** piety under Trog
   138 | D        | Reached XP level 7. HP: 79/79 MP: 6/6
   143 | D        | Killed a kobold demonologist
   144 | D        | Reached skill level 14 in Unarmed Combat
   149 | D        | Killed a kobold demonologist
   149 | D        | Reached **** piety under Trog
   150 | D        | Reached XP level 8. HP: 92/92 MP: 7/7
   159 | D        | Found a radiant altar of Vehumet.
   184 | D        | Found Ilyidyod's Book Emporium.
   184 | D        | Found an ancient bone altar of Kikubaaqudgha.
   184 | D        | Found a hazy altar of Hepliaklqana.
   184 | D        | Found a stormy altar of Qazlal.
   184 | D        | Found a hide-covered altar of Uskayaw.
   184 | D        | Found a blossoming altar of Fedhas.
   184 | D        | Found a bloodstained altar of Trog.
   184 | D        | Found an iron altar of Okawaru.
   184 | D        | Found a basalt altar of Yredelemnul.
   184 | D        | Found a glowing golden altar of the Shining One.
   184 | D        | Found a snail-covered altar of Cheibriados.
   184 | D        | Found a sacrificial altar of Ru.
   184 | D        | Found a glowing silver altar of Zin.
   184 | D        | Found a shadowy altar of Dithmenos.
   184 | D        | Found a white marble altar of Elyvilon.
   188 | D        | Reached skill level 15 in Unarmed Combat
   188 | D        | Found an opulent altar of Gozag.
   189 | D        | Found a sparkling altar of Nemelex Xobeh.
   202 | D        | Noticed Sonja
   209 | D        | HP: 6/138 [Sonja (4)]
   210 | D        | Killed Sonja
   211 | D        | Reached skill level 10 in Fighting
   211 | D        | Reached skill level 16 in Unarmed Combat
   212 | D        | HP: 2/139 [poisoned by Sonja (curare-tipped dart)]
   213 | D        | Succumbed to Sonja's curare-tipped dart

Illustrated notes

Levels and vault maps discovered:
D:        dungeon_sprint_1 [red_sonja_temple_1, red_sonja_temple_small_1]

Skill      XL: |  1  2  3  4  5  6  7  8 |
---------------+-------------------------+-----
Fighting       | 3 5 6 7 9 10 | 10.1
Unarmed Combat | 5 8 10 12 14 16 | 16.1
Dodging        | |  2.4

Action                   |  1- 3 |  4- 6 |  7- 9 || total
-------------------------+-------+-------+-------++-------
Melee: Unarmed           |     8 |    18 |    19 ||    45
       Punch             |       |       |     1 ||     1
Invok: Berserk           |       |     1 |     1 ||     2
Armor: Animal skin       |     2 |     3 |       ||     5
Dodge: Dodged            |     2 |     4 |     4 ||    10

Table legend: (Time is in decaauts)
 A = Elapsed time spent in this place.
 B = Non-inter-level travel time spent in this place.
 C = Inter-level travel time spent in this place.
 D = Time resting spent in this place.
 E = Time spent auto-exploring this place.
 F = Levels seen in this place.
 G = Mean time per level.
                   A        B        C        D        E       F      G
               +--------+--------+--------+--------+--------+-----+--------+
         Total |    212 |    212 |      0 |      0 |     86 |   1 |  212.0 |
       Dungeon |    212 |    212 |      0 |      0 |     86 |   1 |  212.0 |
               +--------+--------+--------+--------+--------+-----+--------+

Top non-repeatable levels by time:
       D: 212 daAuts
